Warning! The script has encountered some errors when parsing the replay. Please report them to the . » details
0x00, prev: 0x16: 16 02 06 00 4E 34 00 00 4A 41 03 00 81 57 00 00 70 41 03 00 C2 5B 00 00 C2 B4 02 00 EC 5B 00 00 B8 25 03 00 7F 5D 00 00 74 CF 02 00 5A 62 00 00 DE 25 03 00 [00] 00 00 00 00 00 00 00 00 00 00 00 00 00 00 00 00 00 00 00 00 00 00 00 01 00
0x00, prev: 0x00: 16 02 06 00 4E 34 00 00 4A 41 03 00 81 57 00 00 70 41 03 00 C2 5B 00 00 C2 B4 02 00 EC 5B 00 00 B8 25 03 00 7F 5D 00 00 74 CF 02 00 5A 62 00 00 DE 25 03 00 00 00 00 00 00 00 00 00 00 00 00 00 00 00 00 00 00 00 00 00 00 00 [00] 00 01 00
0x00, prev: 0x01: 16 02 06 00 4E 34 00 00 4A 41 03 00 81 57 00 00 70 41 03 00 C2 5B 00 00 C2 B4 02 00 EC 5B 00 00 B8 25 03 00 7F 5D 00 00 74 CF 02 00 5A 62 00 00 DE 25 03 00 00 00 00 00 00 00 00 00 00 00 00 00 00 00 00 00 00 00 00 00 00 00 00 00 01 [00]
0x00, prev: 0x02: 16 02 01 00 04 33 00 00 E5 3B 02 00 00 00 00 00 00 00 00 00 00 00 00 00 00 00 00 00 00 00 00 00 00 00 00 00 02 [00]
General information
- name: BNet
- type: Ladder 1vs1/FFA
- host: Battle.net
- saver: WeekendAtBernys
map: TwistedMeadows
- players: 2
- length: 33:58
- speed: Fast
- version: 1.23 W3XP
- replay type: Public
» download(83 KB)
Players
team 1 (loser)
unreal27 (
pink | 88 APM | 851 actions | 09:43)
3 Blademaster
1 Wind Walk
2 Critical Strike
2 Shadow Hunter
2 Healing Wave
1 Beastmaster
1 Summon Bear
» actions
| Basic commands | 8 | |
| Build / train | 50 | |
| Enter build submenu | 45 | |
| Enter hero's abilities submenu | 7 | |
| Give item / drop item | 1 | |
| Remove unit from queue | 1 | |
| Right click | 452 | |
| Select / deselect | 218 | |
| Use ability | 69 | |
851 total
» units
| Peon | 7 | |
| Wind Rider | 15 | |
| Tauren | 6 | |
| Forest Troll Shadow Priest | 1 | |
| Goblin Shredder | 1 | |
30 total
» upgrades
| Melee Weapons | 1 | |
| Ranged Weapons | 1 | |
| Armor | 1 | |
| Spiked Barricades | 1 | |
| Reinforced Defenses | 1 | |
5 total
» buildings
| Altar of Storms | 2 | |
| Orc Burrow | 13 | |
| War Mill | 3 | |
| Stronghold | 2 | |
| Watch Tower | 15 | |
| Beastiary | 3 | |
| Fortress | 1 | |
| Tauren Totem | 2 | |
| Great Hall | 2 | |
| Barracks | 1 | |
44 total
» build order
00:06 Altar of Storms
00:11 Orc Burrow
00:30 War Mill
02:11 Stronghold
02:34 Watch Tower
02:51 Orc Burrow
03:00 Orc Burrow
04:56 Beastiary
05:17 Beastiary
05:38 Beastiary
06:02 Tauren Totem
06:39 Great Hall
06:41 Watch Tower
06:42 Watch Tower
06:46 Watch Tower
09:43 Stronghold
team 2 (winner)

»
WeekendAtBernys (
red | 219 APM | 2133 actions | 09:43)
5 Blademaster
2 Wind Walk
2 Critical Strike
1 Bladestorm
3 Shadow Hunter
2 Healing Wave
1 Hex
3 Tauren Chieftain
2 Endurance Aura
1 War Stomp
» actions
| Assign group hotkey | 77 | |
| Basic commands | 19 | |
| Build / train | 88 | |
| ESC pressed | 1 | |
| Enter build submenu | 52 | |
| Enter hero's abilities submenu | 16 | |
| Give item / drop item | 13 | |
| Right click | 802 | |
| Select / deselect | 320 | |
| Select group hotkey | 560 | |
| Use ability | 185 | |
2133 total
» units
| Peon | 15 | |
| Troll Batrider | 14 | |
| Goblin Shredder | 2 | |
| Goblin Zeppelin | 2 | |
33 total
» upgrades
| Reinforced Defenses | 1 | |
| Ranged Weapons | 2 | |
| Armor | 2 | |
| Envenomed Spears | 1 | |
| Liquid Fire | 1 | |
7 total
» buildings
| Altar of Storms | 1 | |
| Orc Burrow | 3 | |
| Voodoo Lounge | 1 | |
| War Mill | 1 | |
| Watch Tower | 52 | |
| Stronghold | 1 | |
| Fortress | 1 | |
| Beastiary | 2 | |
| Great Hall | 2 | |
64 total
» build order
00:09 Altar of Storms
00:13 Orc Burrow
00:27 Voodoo Lounge
01:02 War Mill
02:24 Watch Tower
02:50 Stronghold
03:51 Watch Tower
04:33 Orc Burrow
04:34 Orc Burrow
05:35 Fortress
05:49 Beastiary
06:02 Watch Tower
09:14 Watch Tower
09:15 Watch Tower
09:16 Watch Tower
09:17 Watch Tower
09:43 Watch Tower
» items
| Lesser Clarity Potion | 4 | |
| Healing Salve | 6 | |
| Circlet of Nobility | 2 | |
| Boots of Speed | 3 | |
| Staff of Teleportation | 4 | |
| Orb of Lightning | 3 | |
| Scroll of Speed | 2 | |
| Scroll of Town Portal | 3 | |
27 total
Chat log
(05:44 / All) unreal27: lol
(05:51 / All) unreal27: you suck
(06:02 / All) WeekendAtBernys: texas
(06:52 / All) WeekendAtBernys: still wyvs??
(09:43 / All) WeekendAtBernys: 2 bad towers dont give xp